[Event "*** Titled Tuesday Blitz"]
[Site "Chess.com"]
[Date "2020.10.27"]
[Round "2"]
[White "tvjosue"]
[Black "garfio2017"]
[Result "1/2-1/2"]
[WhiteElo "2486"]
[BlackElo "2294"]
[TimeControl "180+1"]
[EndTime "10:18:50 PDT"]
[Termination "Game drawn by repetition"]

1. Nf3 c6 2. b3 d5 3. Bb2 Nf6 4. c4 g6 5. Bxf6 exf6 6. cxd5 cxd5 7. e3 Bg7 8. d4 f5 9. g3 O-O 10. Bg2 Nc6 11. O-O h6 12. Nc3 Be6 13. Ne1 Rc8 14.
Qd2 g5 15. Nd3 Qe7 16. Nxd5 Bxd5 17. Bxd5 Rfd8 18. Bf3 a5 19. Rac1 f4 20. Bxc6 bxc6 21. gxf4 gxf4 22. Nxf4 Qg5+ 23. Ng2 c5 24. Qxa5 Rd5 25.
Rxc5 Rdxc5 26. dxc5 Rxc5 27. Qa8+ Kh7 28. h4 Qg4 29. b4 Rc2 30. b5 Rb2 31. a4 Bf6 32.
Qd5 Kg7 33. Rc1 Qxa4 34. Rc4 Qxb5 35. Rg4+ Kf8 36. Qd6+ Be7 37. Qxh6+ Ke8 38. Qh8+ Kd7 39. Rd4+ Bd6 40. Rd1 Rb1 41. Qd4 Rxd1+ 42. Qxd1 Qe5 43. Qf3 Qh2+ 44. Kf1 Qh1+ 45. Ke2 Ke7 46. Qe4+ Kf8 47. Qf5 Qxg2 48. Qc8+ Kg7 49. Qf5 Qg6 50. Qd5 Qe6 51. Qf3 Kf8 52. Kf1 Ke7 53. Kg2 Qg6+ 54. Kf1 Qe6 55. Kg2 Qg6+ 56. Kf1 Qb1+ 57. Kg2 Qg6+ 1/2-1/2

[Event "*** Titled Tuesday Blitz"]
[Site "Chess.com"]
[Date "2020.10.27"]
[Round "2"]
[White "ega2006"]
[Black "ENajer77"]
[Result "1/2-1/2"]
[WhiteElo "2363"]
[BlackElo "2684"]
[TimeControl "180+1"]
[EndTime "10:18:54 PDT"]
[Termination "Game drawn - insufficient material"]

1. e4 c6 2. d4 d5 3. Nd2 dxe4 4. Nxe4 Bf5 5. Ng3 Bg6 6. h4 h6 7. Nf3 Nd7 8. h5 Bh7 9. Bd3 Bxd3 10. Qxd3 e6 11.
Bd2 Ngf6 12. O-O-O Be7 13. Ne4 Nxe4 14. Qxe4 Nf6 15. Qe2 Qd5 16. Kb1 Qe4 17. Qxe4 Nxe4 18. Be3 f5 19. Nd2 Nxd2+ 20. Rxd2 Kf7 21. c4 Rhd8 22.
Kc2 Rd7 23. f3 a6 24. g4 Rad8 25. Rhd1 Bf6 26. b3 b5 27. gxf5 exf5 28. d5 cxd5 29.
Rxd5 Rxd5 30. Rxd5 Rxd5 31. cxd5 g6 32. hxg6+ Kxg6 33.
Kd3 h5 34. Bf4 Kf7 35. a4 Ke7 36. axb5 axb5 37. Ke3 Kd7 38. Bb8 Bg5+ 39. Kd4 h4 40. Bh2 Bf6+ 41. Ke3 Be7 42. Kf2 Bd6 43. Kg2 Ke7 44.
Kh3 Bxh2 45. Kxh2 Kd6 46. Kh3 Kxd5 47. Kxh4 Kd4 48. Kg5 Kc3 49. Kxf5 Kxb3 50. f4 Kc4 51. Ke6 b4 52. f5 b3 53. f6 b2 54. f7 b1=Q 55. f8=Q Qe4+ 56. Kf7 Qf5+ 57. Ke7 Qxf8+ 58. Kxf8 1/2-1/2

[Event "*** Titled Tuesday Blitz"]
[Site "Chess.com"]
[Date "2020.10.27"]
[Round "2"]
[White "ViktoriyaTarasova"]
[Black "Shubinkirill2003"]
[Result "0-1"]
[WhiteElo "2266"]
[BlackElo "2670"]
[TimeControl "180+1"]
[EndTime "10:18:55 PDT"]
[Termination "Shubinkirill2003 won on time"]

1. d4 e6 2. c4 Nf6 3. Nc3 Bb4 4. Qc2 d6 5. Nf3 Nbd7 6. Bd2 b6 7. e4 Bb7 8. Bd3 e5 9. d5 O-O 10. a3 Bxc3 11.
Bxc3 a5 12. Nd2 a4 13. O-O Nc5 14. Be2 Re8 15. Rfe1 Bc8 16. Bf1 Bd7 17. Bb4 Na6 18.
Bc3 Qc8 19. f3 Nc5 20. Bb4 Nh5 21. Bxc5 bxc5 22. b4 axb3 23. Qxb3 Qa6 24. Qc3 f5 25. exf5 Nf6 26. g4 Rab8 27. Bd3 Rf8 28. Reb1 h5 29.
Rxb8 Rxb8 30. g5 Nh7 31. h4 Rf8 32. Qc2 Ba4 33. Qb1 Qa5 34. Nf1 Qc3 35. f6 Qd4+ 36. Kg2 Nxf6 37. gxf6 Rxf6 38. Ng3 Be8 39. Ra2 Qxh4 40. Qe1 Qf4 41. Be4 h4 42. Nf5 Bd7 43. Nxh4 g5 44. Qg3 Qxg3+ 45. Kxg3 gxh4+ 46. Kxh4 Rf8 47. Kg3 Ra8 48. Kf2 Kf7 49. Bd3 Kf6 50. Ke3 Ra4 51. Ra1 Bf5 52. Be2 Bg6 53. Ra2 Bb1 54. Ra1 Bc2 55. Ra2 Bb3 56. Rb2 Rxa3 0-1

[Event "*** Titled Tuesday Blitz"]
[Site "Chess.com"]
[Date "2020.10.27"]
[Round "2"]
[White "vinniethepooh"]
[Black "Sychev_Klementy"]
[Result "0-1"]
[WhiteElo "2569"]
[BlackElo "2855"]
[TimeControl "180+1"]
[EndTime "10:18:56 PDT"]
[Termination "Sychev_Klementy won by checkmate"]

1. d4 Nf6 2. c4 c5 3. d5 e5 4. Nc3 d6 5. e4 Nbd7 6. Be2 g6 7.
h4 h5 8. Bg5 Bg7 9. Nf3 a6 10.
Qd2 Qa5 11. a3 Nf8 12. Rb1 N8h7 13. b4 Qxa3 14. bxc5 Nxg5 15. hxg5 Nd7 16. c6 Nc5 17. O-O Qa5 18. Ra1 Qd8 19. Rfb1 O-O 20. Ne1 Qe8 21. Rb6 Qd8 22. Rab1 bxc6 23. dxc6 Be6 24. Nd3 Nxd3 25. Bxd3 Re8 26. Nd5 a5 27. c7 Qd7 28.
Rb7 Bxd5 29. cxd5 Rec8 30. Bb5 Qe7 31. Qc3 a4 32. Ra1 a3 33. Ra2 f6 34. gxf6 Bxf6 35. g3 h4 36. Kg2 Bg7 37. g4 Qg5 38. Bd7 Kf7 39. Bxc8 Rxc8 40. Qf3+ Bf6 41. Rxa3 Ke7 42. Rc3 Kd7 43. Rb8 Be7 44. Rxc8 Kxc8 45. Rc4 Qd2 46. Kh3 Qe1 47. Qg2 Qd1 48. Rc3 Bg5 49. Qf3 Qf1+ 50.
Qg2 Qd1 51. Qf3 Qf1+ 52. Qg2 Qe1 53. Rf3 Bf4 54. Kxh4 Qxe4 55. Kh3 g5 56. Rxf4 Qh7+ 57. Kg3 gxf4+ 58. Kf3 Qd3# 0-1

[Event "*** Titled Tuesday Blitz"]
[Site "Chess.com"]
[Date "2020.10.27"]
[Round "2"]
[White "albano87"]
[Black "Gogolev_Artemy"]
[Result "0-1"]
[WhiteElo "2293"]
[BlackElo "2512"]
[TimeControl "180+1"]
[EndTime "10:18:59 PDT"]
[Termination "Gogolev_Artemy won on time"]

1. e4 c5 2. Nf3 Nf6 3. e5 Nd5 4. Nc3 e6 5. Nxd5 exd5 6. d4 Nc6 7. Be3 cxd4 8. Nxd4 d6 9. exd6 Bxd6 10. Qh5 O-O 11.
O-O-O Ne5 12. Bd3 Nxd3+ 13. Rxd3 Be6 14. Kb1 Qf6 15. f3 Rac8 16. Qg5 Qxg5 17. Bxg5 Rfe8 18. Nxe6 fxe6 19. h3 Kf7 20. Rhd1 h6 21. Be3 g5 22. Bxa7 Kf6 23. c3 h5 24. Bd4+ Be5 25. Re3 Bxd4 26. Rxd4 Kf5 27. h4 g4 28. f4 e5 29.
fxe5 Rxe5 30. Rxe5+ Kxe5 31. Rb4 Rf8 32. a4 Rf2 33. Rxb7 Rxg2 34. a5 Rf2 35. Rg7 Rf6 36. Rg5+ Kf4 37. Rxh5 g3 38. Rg5 d4 39. cxd4 Kf3 40.
h5 g2 41. b4 Rf4 42. Rxg2 Kxg2 43. Kb2 Kf3 44. Kc3 Ke4 45. a6 Kd5 46. b5 Rf7 47. Kb4 Kd6 48. Ka5 Kc7 49. b6+ Kc6 50. b7 Kc7 0-1

[Event "*** Titled Tuesday Blitz"]
[Site "Chess.com"]
[Date "2020.10.27"]
[Round "2"]
[White "smshk35"]
[Black "BJthechessgod"]
[Result "1-0"]
[WhiteElo "2497"]
[BlackElo "2286"]
[TimeControl "180+1"]
[EndTime "10:18:59 PDT"]
[Termination "smshk35 won by checkmate"]

1. e4 c5 2. Nf3 Nc6 3. d4 cxd4 4. Nxd4 e6 5. Nb5 Nf6 6. N1c3 Bb4 7. a3 Bxc3+ 8.
Nxc3 d5 9. exd5 Nxd5 10. Nxd5 exd5 11. Be2 O-O 12. O-O Be6 13. Bf4 d4 14. Bf3 Bd5 15.
Re1 Bxf3 16. Qxf3 Re8 17. Qg3 Qf6 18. Bg5 Qg6 19. Bf4 Qxc2 20. b4 Qg6 21. Qh3 a6 22. Qd7 Red8 23. Qxb7 d3 24. Rad1 Nd4 25. Bc7 Ne2+ 26. Kf1 Re8 27. Rd2 Nd4 28. Red1 Qe6 29.
Bb6 Qe2+ 30. Rxe2 dxe2+ 31. Ke1 Nc2+ 32. Kd2 Rad8+ 33. Bxd8 Rxd8+ 34. Kxe2 Re8+ 35. Kd2 Nxa3 36. Qd7 Rf8 37. Re1 Nc4+ 38. Kc3 Nb6 39. Qb7 Na4+ 40. Kb3 h5 41. Kxa4 Kh7 42. Re7 Kg6 43. Qxa6+ f6 44. Qd3+ Kh6 45. Qd7 Rg8 46. Re4 Ra8+ 47. Kb3 Ra1 48. Qd2+ Kh7 49. Rh4 Kg6 50. g4 Rb1+ 51.
Ka2 Rh1 52. Qd3+ Kg5 53. Rxh5+ Kxg4 54. Qh3+ Kf4 55. Rf5+ Ke4 56. Qf3+ Kd4 57. Rd5+ Kc4 58. Qd3+ Kxb4 59. Rb5+ Ka4 60. Qe4+ Kxb5 61. Qxh1 Kc4 62.
Qg2 Kd3 63. Qxg7 Ke2 64. Qxf6 Kf1 65. h4 Kg2 66. h5 Kf1 67. h6 Kg1 68. h7 Kg2 69.
Qf5 Kf1 70. Qf7 Kg1 71. h8=N Kg2 72. Ng6 Kg1 73. Ne7 Kf1 74. f4 Kg2 75. f5 Kf1 76. f6 Kg2 77. Qg7+ Kf1 78. f7 Ke2 79. f8=Q Ke1 80.
Qg3+ Ke2 81. Qff2+ Kd1 82. Qd3+ Kc1 83. Qc5# 1-0

[Event "*** Titled Tuesday Blitz"]
[Site "Chess.com"]
[Date "2020.10.27"]
[Round "2"]
[White "nochewycandy"]
[Black "VladimirBelous"]
[Result "0-1"]
[WhiteElo "2555"]
[BlackElo "2843"]
[TimeControl "180+1"]
[EndTime "10:19:00 PDT"]
[Termination "VladimirBelous won by resignation"]

1. e4 c5 2. b3 Nc6 3. Bb2 d6 4. Bb5 Bd7 5. Ne2 a6 6. Bxc6 Bxc6 7. d3 e5 8. O-O f6 9. f4 Ne7 10. Nd2 Ng6 11. f5 Ne7 12. c4 g5 13. fxg6 hxg6 14. Rxf6 Bh6 15. Nf1 Kd7 16. Bc1 Kc7 17. Bxh6 Rxh6 18.
Qd2 Rh7 19. Rf2 a5 20. Nc3 Qd7 21. Qg5 Rh5 22. Qg3 Rah8 23. h3 Kb8 24. Ne3 g5 25.
Ng4 Rh4 26. Rf7 Qe6 27. Raf1 Ng6 28. R7f6 Qe8 29. Rxd6 Nf4 30. Nf2 Qe7 31. Rxc6 bxc6 32.
Qe3 Qd6 33. Na4 Qd4 34. Qxd4 cxd4 35. Nc5 Ne2+ 36. Kh2 g4 37. g3 R4h7 38. h4 Rf7 39. Kg2 Kc8 40. Nxg4 Rxf1 41. Kxf1 Nxg3+ 42. Kg2 Ne2 43. Nxe5 Rxh4 44. Nxc6 Rh5 45. Ne6 Kd7 46. Nexd4 Nc1 47.
Kf2 Nxa2 48. Nxa5 Rxa5 49. Ke3 Nb4 50. Nb5 Nc2+ 51. Kd2 Ra2 52. Kc3 Ne1 53. d4 Re2 54. e5 Re3+ 55. Kb4 Nc2+ 56. Kc5 Rxb3 57. d5 Ne3 58. e6+ Ke7 59. Nd4 Rc3 60. d6+ Kf6 61. d7 Rxc4+ 62. Kd6 Rxd4+ 63. Kc7 Ke7 64. Kc8 Nf5 0-1

[Event "*** Titled Tuesday Blitz"]
[Site "Chess.com"]
[Date "2020.10.27"]
[Round "2"]
[White "SamuelGhimpu2003"]
[Black "wonderfultime"]
[Result "1-0"]
[WhiteElo "2622"]
[BlackElo "2938"]
[TimeControl "180+1"]
[EndTime "10:19:05 PDT"]
[Termination "SamuelGhimpu2003 won by resignation"]

1. d4 d5 2. Nc3 Nf6 3. Bf4 e6 4. e3 a6 5. Nf3 Bd6 6. Bd3 c5 7.
dxc5 Bxc5 8. O-O Nc6 9. e4 d4 10. Na4 Be7 11. c4 Nd7 12. a3 a5 13. e5 g5 14. Bg3 g4 15. Nd2 Ndxe5 16. Bb1 h5 17. Re1 Bf6 18. Ne4 Bg7 19. c5 Kf8 20. Bf4 d3 21.
Nd6 Bd7 22. Nb6 Rb8 23. Bxd3 Be8 24. Bb5 Qf6 25. Bxe5 Nxe5 26. Nxe8 Rxe8 27. Rxe5 Rd8 28. Nd7+ Rxd7 29. Qxd7 Kg8 30. Qe8+ Bf8 31. Rae1 Kg7 32. Qd7 Be7 33. Qxb7 Rd8 34. Qe4 Rd2 35. f3 Qh4 36.
Rf1 Bf6 37. fxg4 hxg4 38. c6 Bd8 39. Qe3 Rxb2 40. Qc3 Bb6+ 41. Kh1 g3 42. Rh5+ Qd4 43. Qxd4+ Bxd4 44. hxg3 Rc2 45. a4 f5 46. Rh4 Be5 47.
Rc4 Rd2 48. c7 Bxc7 49. Rxc7+ Kf6 50. Rc6 Rd4 51. Re1 Kg5 52. Rexe6 Rd1+ 53. Kh2 f4 54. gxf4+ Kxf4 55. Rf6+ Kg5 56. Rf1 Rd4 57. Ra6 Rh4+ 58. Kg1 Rb4 59. Rxa5 Rb2 60. Ra8 Kg4 61. Rg8+ Kh4 62.
Rf4+ Kh5 63. Be8+ 1-0

[Event "*** Titled Tuesday Blitz"]
[Site "Chess.com"]
[Date "2020.10.27"]
[Round "2"]
[White "FairChess_on_YouTube"]
[Black "pedromartinez91"]
[Result "1-0"]
[WhiteElo "2982"]
[BlackElo "2623"]
[TimeControl "180+1"]
[EndTime "10:19:07 PDT"]
[Termination "FairChess_on_YouTube won by resignation"]

1. e4 e6 2. d4 d5 3. e5 c5 4. c3 Qb6 5. Nf3 Bd7 6. Be2 cxd4 7. cxd4 Bb5 8. O-O Bxe2 9. Qxe2 Qa6 10. Qe3 Nc6 11.
Nc3 Nge7 12. Rd1 Nf5 13. Qf4 Bb4 14. a4 Bxc3 15. bxc3 Qe2 16. Ba3 Qe4 17. Qxe4 dxe4 18. Ng5 e3 19. g4 exf2+ 20. Kxf2 Nfe7 21. h3 Na5 22. Ne4 Nc4 23. Nd6+ Nxd6 24. exd6 Nc6 25. c4 Kd7 26. d5 exd5 27. cxd5 Ne5 28. a5 Rhc8 29. Rdb1 Rc2+ 30. Kf1 Rb8 31. Rb3 Nc4 32. Bb4 Nd2+ 33. Bxd2 Rxd2 34. Rab1 Rxd5 35. Rxb7+ Rxb7 36. Rxb7+ Ke6 37. Re7+ Kf6 38. Rxa7 Rxd6 39. Ke2 Rd4 40. Rb7 Ra4 41. Rb6+ Kg5 42. a6 Kh4 43. Rb7 Rxa6 44. Rxf7 Ra3 45. Rxg7 Kxh3 46. Kf2 Ra2+ 47. Kf3 Ra3+ 48.
Kf4 Ra4+ 49. Kf5 Ra5+ 50. Kf6 Ra6+ 51. Kg5 Ra5+ 52. Kh6 Ra4 53. Kh5 Ra5+ 54. g5 Ra4 55.
Rxh7 Ra6 56. g6 Ra5+ 57. Kh6 Kg4 58. Rf7 Rh5+ 59. Kg7 Kg5 60. Ra7 Rh1 61. Ra5+ Kh4 62.
Kg8 Rb1 63. g7 Rb5 64. Rxb5 1-0

[Event "*** Titled Tuesday Blitz"]
[Site "Chess.com"]
[Date "2020.10.27"]
[Round "2"]
[White "Chessmatus"]
[Black "oskariot"]
[Result "0-1"]
[WhiteElo "2423"]
[BlackElo "2718"]
[TimeControl "180+1"]
[EndTime "10:19:07 PDT"]
[Termination "oskariot won by resignation"]

1. e4 c5 2. Nf3 d6 3. d4 cxd4 4. Nxd4 Nf6 5. Nc3 Nc6 6. Bg5 Bd7 7. Qd2 Rc8 8. O-O-O Nxd4 9. Qxd4 Qa5 10. Bxf6 gxf6 11. Kb1 Qc5 12. Qd2 Bg7 13. f4 f5 14. e5 O-O 15. h4 Be6 16. exd6 exd6 17. Rh3 Qa5 18. a3 Kh8 19. h5 h6 20. Rg3 Bxc3 21. Rxc3 Rxc3 22. Qxc3+ Qxc3 23. bxc3 d5 24. Be2 Rc8 25. Kb2 Kg7 26. Bf3 Rc5 27. Rd4 b6 28.
Rd3 Kf6 29. Rd4 Ke7 30. Kb3 Kd6 31. Kb4 a5+ 32. Kb3 Rb5+ 33. Ka2 Rc5 34. Kb2 Rb5+ 35.
Ka2 Rc5 36. Kb2 Rc7 37. Rd2 Kc5 38. Rd4 Rc8 39. Kc1 Rg8 40. Kd2 Rd8 41. Kd3 Rd7 42. Ke3 Rc7 43. Kd3 Kd6 44. Kd2 Rc5 45.
Kd3 Rb5 46. Kd2 Kc5 47. Kc1 Kd6 48. c4 Rc5 49. cxd5 Bxd5 50. Kd2 Kc6 51. Bxd5+ Rxd5 52. Kc3 Kc5 53. Rxd5+ Kxd5 54. Kd3 b5 55. g3 b4 56. a4 f6 57. c3 bxc3 58. Kxc3 Kc5 59. Kd3 Kb4 60. Kd4 Kxa4 61. Kc4 Ka3 62. Kc3 a4 63. Kc4 Kb2 64. Kd5 a3 65. Ke6 a2 66.
Kxf6 a1=Q 0-1

[Event "*** Titled Tuesday Blitz"]
[Site "Chess.com"]
[Date "2020.10.27"]
[Round "2"]
[White "andrzej"]
[Black "elohunter1999"]
[Result "0-1"]
[WhiteElo "2298"]
[BlackElo "2522"]
[TimeControl "180+1"]
[EndTime "10:19:07 PDT"]
[Termination "elohunter1999 won on time"]

1. e4 c5 2. Nf3 e6 3. d4 cxd4 4. Nxd4 Nf6 5. Nc3 Nc6 6. g3 Bb4 7. Bg2 O-O 8. O-O d5 9. exd5 Nxd5 10. Nxd5 exd5 11. c3 Be7 12. Re1 Bf6 13. Nb3 Be6 14. Nc5 Qc8 15. Qb3 b6 16. Nxe6 fxe6 17. Bh3 Re8 18. Bf4 Na5 19. Qa4 Kf7 20. Re2 Qc4 21. Qxc4 Nxc4 22. Rae1 e5 23. Bc1 Rad8 24. Bg2 b5 25. h4 a5 26. Rd1 d4 27. b3 Nb6 28.
cxd4 exd4 29. Red2 Nd5 30. Bxd5+ Rxd5 31. Bb2 Red8 32.
Rd3 a4 33. bxa4 bxa4 34. Kg2 Rb5 35. R1d2 h5 36. Kf3 Rf5+ 37. Kg2 Rfd5 38. Kf3 g5 39. hxg5 Bxg5 40. Rc2 Bf6 41. Rc7+ Kg6 42. Rc6 Kf5 43. Bc1 R8d6 44. Rxd6 Rxd6 45. Bb2 Rd5 46. Ke2 Ke4 47. f3+ Kf5 48. Kd2 Ke5 49. Ke2 Kd6 50. f4 Ke6 51. Kf3 Kf5 52. Ba3 Rb5 53. Rd2 Rb1 54. Bb2 Rf1+ 55. Ke2 Rh1 56. Kd3 Rg1 57. Bxd4 Rxg3+ 58. Kc4 Bxd4 59. Rxd4 h4 60. Kd5 h3 61. Rd1 Kxf4 0-1

[Event "*** Titled Tuesday Blitz"]
[Site "Chess.com"]
[Date "2020.10.27"]
[Round "2"]
[White "Fischerev7"]
[Black "mr65"]
[Result "0-1"]
[WhiteElo "2423"]
[BlackElo "2198"]
[TimeControl "180+1"]
[EndTime "10:19:07 PDT"]
[Termination "mr65 won by checkmate"]

1. e4 e5 2. Nf3 Nc6 3. Bb5 a6 4. Ba4 Nf6 5. O-O Be7 6. d3 b5 7. Bb3 O-O 8. a4 Bb7 9. a5 d5 10. Nc3 d4 11. Ne2 Nd7 12. Ng3 g6 13. Bh6 Re8 14.
c3 Nc5 15. cxd4 Nxd4 16. Ba2 Bf6 17. b4 Nce6 18. Rc1 Rc8 19. Nxd4 Qxd4 20. Qf3 Qd8 21.
Rfd1 Qe7 22. Rb1 c5 23. bxc5 Rxc5 24. Bd2 Nd4 25. Qg4 h5 26. Nxh5 Bc8 27. Qg3 Ne2+ 28. Kh1 Nxg3+ 29. Nxg3 Be6 30. Bxe6 Qxe6 31. Bb4 Rc2 32.
Nf1 Rec8 33. Kg1 Qa2 34. Be1 Be7 35. Ne3 Qa3 36. Nxc2 Rxc2 37. Ra1 Qb2 38. Rab1 Qa3 39. Ra1 Qc5 40. Rab1 Qc6 41. Ra1 Bc5 42. Rab1 Bd4 43. Kf1 Qc7 44. Rd2 Rxd2 45. Bxd2 Qc2 46. Re1 Qxd3+ 47.
Re2 Bc3 48. Be1 Bxe1 49. Kxe1 Qc3+ 50. Kf1 Qxa5 51. Re1 Qb6 52. f3 b4 53. Rc1 b3 54.
Rc8+ Kg7 55. Rc1 b2 56. Rb1 a5 57. Ke2 a4 58. Kd2 a3 59. Kc2 a2 60. Rxb2 Qc6+ 61. Kb3 a1=Q 62. Ra2 Qb1+ 63. Ka3 Qa6# 0-1

[Event "*** Titled Tuesday Blitz"]
[Site "Chess.com"]
[Date "2020.10.27"]
[Round "2"]
[White "XDPS"]
[Black "KaterinaMiroshnik"]
[Result "1-0"]
[WhiteElo "2742"]
[BlackElo "2494"]
[TimeControl "180+1"]
[EndTime "10:19:09 PDT"]
[Termination "XDPS won by resignation"]

1. e4 d6 2. d4 Nd7 3. Bd3 Ngf6 4. Nf3 e5 5. c3 Be7 6. O-O O-O 7. Re1 c6 8. Nbd2 Qc7 9. Nf1 b6 10. Ng3 Re8 11.
a4 a6 12. h3 Bb7 13. Be3 Bf8 14. Qd2 Rad8 15. Rad1 g6 16. Bh6 Be7 17. Bg5 Bf8 18. Bc2 Bg7 19. Bh6 Bh8 20. Bb3 c5 21. d5 b5 22. Nh2 c4 23. Bc2 Nc5 24. h4 bxa4 25. h5 Nb3 26. Qe3 Bc8 27. Qf3 Nd7 28. Ng4 f6 29. Kh2 Re7 30. Rh1 Rf7 31. Kg1 g5 32. Nf5 Ndc5 33. Nge3 Bd7 34. Rh3 Nd3 35. Rg3 Bxf5 36. Nxf5 Nf4 37. Bxg5 fxg5 38. Rxg5+ Bg7 39. h6 Ng6 40. hxg7 Nc5 41. Qh5 Rxg7 42. Nxg7 Qxg7 43. Re1 Rf8 44. Re3 Rf4 45. Qh3 Nd7 46.
Bxa4 Nf6 47. Qc8+ Kf7 48. Qe6+ Kf8 49. Qxd6+ Kf7 50. Qe6+ Kf8 51. Reg3 Qh6 52. Qc8+ Kg7 53. Qc7+ Kf8 54. Qd6+ Kg7 55. Qxe5 Rh4 56. Qe7+ Kg8 57. Qd8+ Kg7 58. Kf1 Rxe4 59. Qc7+ Kg8 60. Qc8+ Kg7 61. Qh3 Qxh3 62. gxh3 Nxd5 63. Rxd5 1-0

[Event "*** Titled Tuesday Blitz"]
[Site "Chess.com"]
[Date "2020.10.27"]
[Round "2"]
[White "VitaliyBernadskiy"]
[Black "BursaBBSatranc"]
[Result "1-0"]
[WhiteElo "2760"]
[BlackElo "2509"]
[TimeControl "180+1"]
[EndTime "10:19:10 PDT"]
[Termination "VitaliyBernadskiy won by resignation"]

1. e4 e5 2. Nf3 Nf6 3. Nxe5 d6 4.
Nf3 Nxe4 5. d4 d5 6. Bd3 Bd6 7. O-O O-O 8. Re1 Nf6 9. Bg5 Bg4 10. h3 Bh5 11. Nbd2 Nbd7 12. c3 c6 13. Qb3 Qb6 14.
Ne5 Bg6 15. Bf1 Rfe8 16. Nxg6 hxg6 17. g3 Kf8 18. h4 Rxe1 19. Rxe1 Re8 20. Rxe8+ Nxe8 21.
Bh3 Nef6 22. Nf3 Qc7 23. Bg2 Ne4 24. Be3 Ndf6 25. Qd1 Ng4 26. Qe2 Nxe3 27. Qxe3 Qa5 28. Ng5 Nxg5 29. Qxg5 Be7 30. Qe5 Qd8 31. Bh3 Qd6 32.
Qxd6 Bxd6 33. Bc8 Ke7 34. Bxb7 Kd7 35. Ba6 Kc7 36. Kg2 Kb6 37. Bd3 a5 38. a4 Kc7 39.
f4 Kd7 40. Kf3 Ke7 41. g4 Kd7 42. g5 Be7 43. Kg4 Kd6 44. b4 axb4 45. cxb4 Kc7 46.
b5 c5 47. dxc5 Bxc5 48. f5 gxf5+ 49. Kxf5 Be7 50. h5 Bf8 51. a5 Bb4 52. a6 Kb6 53. Ke5 Bd2 54. Kf5 Bc3 55. h6 g6+ 56. Kg4 Be5 57.
h7 Bg7 58. Be2 d4 59. Bc4 f6 60. gxf6 Bxf6 61. Bd3 Ka7 62. Bxg6 Kb6 63. Bd3 Ka7 64. Kf5 1-0

[Event "*** Titled Tuesday Blitz"]
[Site "Chess.com"]
[Date "2020.10.27"]
[Round "2"]
[White "S2PAc"]
[Black "MFBerna"]
[Result "1-0"]
[WhiteElo "2807"]
[BlackElo "2364"]
[TimeControl "180+1"]
[EndTime "10:19:10 PDT"]
[Termination "S2PAc won on time"]

1. d4 d5 2. g3 c6 3. Nf3 Bf5 4. Bg2 e6 5. O-O Nf6 6. c4 h6 7. Nc3 Nbd7 8. Qb3 Qb6 9. c5 Qxb3 10. axb3 a6 11. b4 Rc8 12. Nd2 Be7 13. Nb3 Bd8 14. Bf4 Bc7 15. Bxc7 Rxc7 16. b5 Bc2 17. bxa6 bxa6 18.
Rxa6 O-O 19. Na5 Rfc8 20. b4 e5 21. Rc1 exd4 22. Nxd5 Nxd5 23. Bxd5 Ba4 24. Bc4 Ne5 25. Rb6 Nd7 26. Rb7 Rxb7 27. Nxb7 Rb8 28. Ra1 Bc2 29.
Ra7 Ne5 30. Ba6 d3 31. exd3 Bxd3 32. Na5 Rxb4 33. Bxd3 Nxd3 34. Nxc6 Rb1+ 35. Kg2 Nxc5 36. Ne5 Rb7 37. Ra5 Ne4 38. h4 g6 39. Ra4 Nf6 40.
Ra6 Kg7 41. Ra5 h5 42. Nf3 Rb2 43. Ng5 Ng4 44. Nh3 Ne3+ 45. Kf3 Nf5 46. Ra7 Rb3+ 47. Kg2 Rb2 48. Ng5 Nd6 49. Rd7 Rd2 50. Nxf7 Ne4 51. Ne5+ Rxd7 52. Nxd7 Kf7 53. Kf3 Nd2+ 54. Kf4 Ke6 55.
Nc5+ Kf7 56. Ne4 Nc4 57. Kg5 Kg7 58. Nc5 Ne5 59. Kf4 Ng4 60. f3 Nf6 61. Ke5 Kf7 62. Ne4 Nd7+ 63. Kd6 Nf8 64. Kd5 Kg7 65. Ke5 Kf7 66. Kd6 Kg7 67. Ke7 Nh7 68. Ng5 Nf6 69. Ne6+ 1-0

[Event "*** Titled Tuesday Blitz"]
[Site "Chess.com"]
[Date "2020.10.27"]
[Round "2"]
[White "scarabee43"]
[Black "Zkid"]
[Result "0-1"]
[WhiteElo "2535"]
[BlackElo "2810"]
[TimeControl "180+1"]
[EndTime "10:19:12 PDT"]
[Termination "Zkid won by resignation"]

1. Nf3 d5 2. e3 Bg4 3. c4 c6 4. cxd5 cxd5 5. Qb3 Qc7 6. Nc3 Bxf3 7. gxf3 e6 8. d4 Nc6 9. f4 Bb4 10. Bd2 Nf6 11.
Rc1 Bxc3 12. Bxc3 O-O 13. Bd3 Ne4 14. O-O f5 15. f3 Nxc3 16. Rxc3 Qe7 17. Kh1 Kh8 18.
Rc2 Rg8 19. Rg2 Rac8 20. a3 Na5 21. Qa4 b6 22. Rc2 Rxc2 23. Qxc2 g5 24. fxg5 Qxg5 25. Qf2 f4 26. e4 Nc6 27. exd5 exd5 28. Rc1 Ne7 29. Bb1 Ng6 30. Rg1 Qf6 31. Bxg6 Rxg6 32. Rxg6 Qxg6 33. Qd2 Qb1+ 34. Kg2 Qf5 35. Qc3 Qg5+ 36.
Kf2 Qh4+ 37. Kg2 Qg5+ 38. Kf1 Qf5 39. Kg2 Kg7 40. Qc7+ Qf7 41. Qe5+ Kg6 42. h4 Qf5 43. Qe8+ Kh6 44. Kh2 Qf6 45. Kh3 Qxd4 46. Qe6+ Kg7 47.
Qe7+ Kg6 48. Qe8+ Kf5 49. Qf7+ Qf6 50. Qxd5+ Kg6 51. Qe4+ Qf5+ 52. Kg2 Qxe4 53. fxe4 Kf6 54. Kf2 Ke5 55. Kf3 b5 56. h5 a5 57. b3 h6 58. a4 b4 59. Kf2 Kxe4 60. Ke2 f3+ 61.
Kf2 Kf4 62. Kf1 Kg4 63. Kf2 Kf4 64. Kf1 Kg3 65. Kg1 Kg4 66. Kf2 Kxh5 67. Kxf3 Kg5 68. Kg3 h5 69. Kf3 Kf5 70. Ke3 Ke5 71. Kd3 Kd5 72.
Ke3 h4 73. Kf3 Kd4 74. Kg4 Kc3 75. Kxh4 Kxb3 76. Kg3 Kxa4 77. Kf3 b3 78. Ke3 b2 79. Kd2 b1=Q 80. Kc3 Kb5 81. Kd4 a4 82. Kc3 a3 83.
Kd4 a2 0-1

[Event "*** Titled Tuesday Blitz"]
[Site "Chess.com"]
[Date "2020.10.27"]
[Round "2"]
[White "Natalya_Buksa"]
[Black "MikaelyanArman"]
[Result "1-0"]
[WhiteElo "2555"]
[BlackElo "2807"]
[TimeControl "180+1"]
[EndTime "10:19:13 PDT"]
[Termination "Natalya_Buksa won by resignation"]

1. d4 d5 2. Nc3 Nf6 3. Bf4 a6 4. e3 e6 5. Bd3 c5 6. Nf3 Bd6 7. dxc5 Bxc5 8. O-O Nc6 9. e4 dxe4 10. Nxe4 Nxe4 11.
Bxe4 Qxd1 12. Raxd1 Bd7 13. a3 f6 14. Bd6 Bxd6 15.
Rxd6 Ke7 16. Rfd1 Rad8 17. c3 Bc8 18. Rxd8 Nxd8 19. Kf1 Nf7 20. Ke2 Nd6 21. Bd3 Bd7 22.
Nd2 Bc6 23. f3 h5 24. Nc4 Nxc4 25. Bxc4 h4 26. Kf2 Rh5 27. Re1 Bd5 28. Bxd5 Rxd5 29.
Re2 e5 30. g3 hxg3+ 31. hxg3 Kd6 32. Ke3 Kc5 33. Rh2 Kc4 34. Rh4+ Kc5 35. b4+ Kc6 36.
a4 Rd7 37. f4 exf4+ 38. Rxf4 Re7+ 39. Kd3 Re1 40. c4 Rg1 41. Rf3 Kd6 42. a5 Ke5 43. Re3+ Kd6 44. Kd4 Rd1+ 45. Kc3 Rg1 46. b5 Kc5 47. b6 Rc1+ 48. Kb3 Rb1+ 49. Kc3 Rg1 50. Kb3 g5 51. Rf3 Rg2 52. Rf5+ Kd4 53. Rxf6 Rxg3+ 54. Kb4 Rg1 55. Rd6+ Ke3 56. Rd7 g4 57. Rxb7 g3 58. Rg7 Kd4 59. Rg4+ Ke5 60. Kc5 Kf5 61. Rg8 g2 62.
Kc6 Ke4 63. b7 Rb1 64. Rxg2 Kd4 65. Rg8 Kxc4 66. b8=Q 1-0

[Event "*** Titled Tuesday Blitz"]
[Site "Chess.com"]
[Date "2020.10.27"]
[Round "2"]
[White "penguingm1"]
[Black "talman67"]
[Result "1-0"]
[WhiteElo "2810"]
[BlackElo "2535"]
[TimeControl "180+1"]
[EndTime "10:19:14 PDT"]
[Termination "penguingm1 won on time"]

1. d4 Nf6 2. c4 e6 3. Nc3 Bb4 4. Qc2 O-O 5. Nf3 c5 6. dxc5 Na6 7. g3 Nxc5 8. Bg2 Nce4 9. O-O Nxc3 10. bxc3 Be7 11. e4 d6 12. e5 dxe5 13. Nxe5 Qc7 14. Qe2 Nd7 15. Bf4 Nxe5 16. Bxe5 Bd6 17. Bxd6 Qxd6 18.
Rfd1 Qc7 19. Rab1 Rb8 20. Qe3 b6 21. c5 Bd7 22. cxb6 axb6 23. Qd4 Bc6 24. Qd6 Qxd6 25. Rxd6 Bxg2 26. Kxg2 Rfc8 27. Rb3 b5 28. Ra6 g6 29.
Ra5 Kg7 30. Raa3 Rc4 31. Ra7 Rc5 32. a4 Rbc8 33. a5 Rxc3 34. Rxb5 R8c7 35. Ra8 Ra3 36. a6 Rc6 37. a7 Rc7 38. Rd8 Rcxa7 39. Rbb8 Ra2 40.
h4 h5 41. Rd3 Rc2 42. Rf3 Ra5 43. Rb7 Rf5 44. Rxf5 gxf5 45. Kf3 Rc4 46. Rb8 Kg6 47. Rg8+ Kh6 48. Ke3 Re4+ 49. Kd3 Rg4 50. Rh8+ Kg6 51.
f3 Ra4 52. Rg8+ Kh6 53. Ke3 Ra3+ 54. Kf4 Ra4+ 55. Ke5 Ra3 56. Kf6 Kh7 57. Rg7+ Kh8 58.
f4 Rb3 59. Rg5 Kh7 60. Rxh5+ Kg8 61. Rg5+ Kf8 62. Rg7 Ke8 63. h5 1-0

[Event "*** Titled Tuesday Blitz"]
[Site "Chess.com"]
[Date "2020.10.27"]
[Round "2"]
[White "davigator"]
[Black "Duhless"]
[Result "1-0"]
[WhiteElo "2388"]
[BlackElo "2960"]
[TimeControl "180+1"]
[EndTime "10:19:15 PDT"]
[Termination "davigator won on time"]

1. e4 g6 2. d4 Bg7 3. Nc3 d6 4.
Be3 a6 5. Qd2 b5 6. O-O-O Nd7 7.
f3 Nb6 8. Bd3 Nf6 9. Nce2 h5 10.
Kb1 Nfd7 11. h3 c5 12. c3 Rb8 13. Nc1 b4 14. cxb4 cxd4 15. Bf2 Ne5 16. b3 d5 17. exd5 Nxd5 18. Nge2 Nxb4 19. Be4 d3 20.
Nf4 O-O 21. Nfxd3 Nc4 22. bxc4 Nxd3+ 23. Nb3 Nxf2 24. Qxd8 Nxh1 25. Qc7 Nf2 26. Rd8 Rxd8 27.
Qxd8+ Kh7 28. Qc7 Nxe4 29. Qxb8 Nc3+ 30. Kc2 Bf5+ 31. Kd2 h4 32. a3 Nb1+ 33. Ke3 Nxa3 34. Qc7 Be5 35. Qxe7 Nxc4+ 36. Kf2 Bg3+ 37. Ke2 Be6 38.
Nc5 Bd5 39. Qd7 Nd6 40. Ne4 Nxe4 41. fxe4 Bc4+ 42. Kf3 a5 43. Qa4 Be6 44. Qxa5 Kg7 45. Qa1+ f6 46. Qa7+ Bf7 47. Qe7 g5 48. Qa7 Kg6 49.
Qd7 Be5 50. Qf5+ Kg7 51. Qd7 Kf8 52. Qc8+ Kg7 53. Qd7 Kg6 54. Qf5+ Kh6 55. Qd7 Bh5+ 56. Ke3 Bg6 57. Kf3 Bf4 58. Qc8 1-0